 Dungeon Crawl Stone Soup version 0.31-a0-149-g3fdcc5976a (webtiles) character file.

Game seed: 1077237303166161968

59 qw the Shooter (level 3, 0/31 HPs)
             Began as a Minotaur Hunter on June 7, 2023.
             Killed by divine providence
             ... invoked by an orc priest
              (14 damage)
             ... on level 3 of the Dungeon.
             The game lasted 00:00:31 (1795 turns).

qw the Shooter (Minotaur Hunter)                    Turns: 1795, Time: 00:00:31

Health: 0/31       AC:  5    Str: 15    XL:     3   Next: 78%
Magic:  2/2        EV: 11    Int:  6    God:
Gold:   158        SH:  0    Dex: 15    Spells: 2/2 levels left

rFire   . . .        Y - +0 shortbow
rCold   . . .        (shield currently unavailable)
rNeg    . . .        h - +0 ring mail
rPois   .            (helmet restricted)
rElec   .            (no cloak)
rCorr   .            (no gloves)
SInv    .            (no boots)
Will    .....        (no amulet)
Stlth   +            (no ring)
HPRegen 0.25/turn    (no ring)
MPRegen 0.08/turn

%: no passive effects
@: no status effects
A: horns 2, retaliatory headbutt
a: no special abilities


You were on level 3 of the Dungeon.
You visited 1 branch of the dungeon, and saw 3 of its levels.

You collected 158 gold pieces.


Innate Abilities, Weirdness & Mutations

You have a pair of horns on your head.
You reflexively headbutt those who attack you in melee.


   Skills:
 - Level 3.0 Fighting
 + Level 5.6 Ranged Weapons
 - Level 1.0 Armour
 - Level 2.1 Dodging
 - Level 0.7 Stealth


You had 2 spell levels left.
You didn't know any spells.
Your spell library was empty.

Inventory:

Hand Weapons
 Y - a +0 shortbow (weapon)
Armour
 h - a +0 ring mail (worn)
Scrolls
 a - a scroll of noise {unknown}
Potions
 b - 2 potions of heal wounds {unknown}
 c - a potion of curing {unknown}
 g - a potion of haste

Dungeon Overview and Level Annotations

Branches:
Dungeon (3/15)

Altars:


Message History

You shoot an arrow. The arrow closely misses the bat.
The bat closely misses you.
You shoot an arrow. The arrow hits the bat.
You kill the bat!
You shoot an arrow. The arrow barely misses the orc.
The orc barely misses you.
You shoot an arrow. The arrow hits the orc.
The orc is severely wounded.
You shoot an arrow.
The arrow hits the orc but does no damage.
The orc is severely wounded.
The orc hits you with a +0 club.
The orc priest calls down the wrath of Beogh upon you.
Beogh smites you! The orc closely misses you. The orc hits you with a +0 club.
You shoot an arrow.
The arrow hits the orc but does no damage.
The orc is severely wounded.
The orc closely misses you. You furiously retaliate!
You headbutt the orc!
You kill the orc!
The orc barely misses you.
You shoot an arrow.
The arrow hits the orc but does no damage.
The orc is severely wounded.
The orc hits you with a +0 club.
You shoot an arrow. The arrow hits the orc.
The orc is almost dead.
The orc hits you but does no damage.
The orc priest hits you with a +0 flail.
You shoot an arrow. The arrow hits the orc.
You kill the orc!
The orc priest hits you but does no damage.
The orc priest misses you.
You shoot an arrow. The arrow hits the orc priest.
The orc priest is moderately wounded.
An orc comes into view. It is wielding a +0 whip.
You shoot an arrow.
The arrow closely misses the orc priest.
The orc priest invokes the aid of Beogh against you.
Beogh smites you!
You die...

############.##
o..............
...............
o....$.(.......
...............
..o..b.........
...............
##o....... . ##@o......$
....#####.............
..........###.#.##.#.#
....####........##...####
.........#####.......>..#
....##......#..........#
.. #....).#..........# #
##.................# #
..........#.........# #


You could see an orc priest and an orc.

Vanquished Creatures
  An adder (D:3)
  4 worms (D:2)
  A dart slug (D:1)
  2 orcs (D:3)
  4 ball pythons
  2 bats
  3 giant cockroaches
  4 goblins
  2 hobgoblins
  3 quokkas
  A frilled lizard (D:2)
  3 kobolds
  2 rats
32 creatures vanquished.

Notes
Turn   | Place    | Note
-------+----------+-------------------------------------------
     0 | D:1      | qw the Minotaur Hunter began the quest for the Orb.
     0 | D:1      | Reached XP level 1. HP: 18/18 MP: 0/0
     0 | D:1      | 0 ||| qw: Version: 0.2-a-117-gc6b5c8b
     0 | D:1      | 0 ||| qw: Game counter: 2647
     0 | D:1      | 0 ||| qw: Always use a shield: true
     0 | D:1      | 0 ||| qw: God list: Okawaru
     0 | D:1      | 0 ||| qw: Allow faded altars: false
     0 | D:1      | 0 ||| qw: Do Orc after D:15 true
     0 | D:1      | 0 ||| qw: Do second Lair branch before Depths: true
     0 | D:1      | 0 ||| qw: Lair rune preference: random
     0 | D:1      | 0 ||| qw: Plans: Normal
     0 | D:1      | 0 ||| PLANNING D:1-11
   105 | D:1      | Found a faded altar of an unknown god.
   180 | D:1      | Reached XP level 2. HP: 25/25 MP: 1/1
   373 | D:1      | Reached skill level 5 in Ranged Weapons
   754 | D:1      | 754 ||| UPGRADING to +0 ring mail.
   764 | D:1      | 764 ||| DROPPING +0 leather armour.
   765 | D:1      | 765 ||| READING scroll labelled MIASANLI TIPA.
   766 | D:1      | 766 ||| READING scroll labelled YMETIN SOWK.
   769 | D:1      | 769 ||| READING scroll labelled POFIDO PULUE.
   770 | D:1      | 770 ||| DRINKING 2 murky yellow potions.
   771 | D:1      | 771 ||| DROPPING scroll of butterflies.
   880 | D:2      | Reached skill level 1 in Armour
  1089 | D:2      | Reached skill level 3 in Fighting
  1180 | D:2      | Reached XP level 3. HP: 31/31 MP: 2/2
  1659 | D:2      | 1659 ||| READING 2 scrolls labelled HONAET FEEBU.
  1660 | D:2      | 1660 ||| DROPPING scroll of blinking.
  1783 | D:3      | 1783 ||| Stepping ~*~*~tactically~*~*~ (outnumbered).
  1795 | D:3      | Killed from afar by an orc priest

Levels and vault maps discovered:
D:1:      lightli_arrival_statue_moat, layout_loops_ring,
          hellmonk_ecumenical_altar_blasted
D:2:      layout_basic
D:3:      layout_rooms, kennysheep_generic_room_11

Skill      XL: |  1  2 |
---------------+-------+-----
Ranged Weapons | 5 |  5.6
Armour         | 1 |  1.0
Fighting       | 3 |  3.0
Dodging        | |  2.1
Stealth        | |  0.7

Action                     || total
---------------------------++-------
   Fire: Shortbow          ||   114
    Use: Scroll            ||     4
         Potion            ||     1
 Armour: Leather armour    ||     3
         Ring mail         ||     7
  Dodge: Dodged            ||    29

Table legend:
 A = Non-vault XP
 B = Vault XP
 C = Vault XP percentage of total XP
 D = Non-vault monster count
 E = Vault monster count
 F = Vault count percentage of total count
                 A         B        C        D         E       F
            +---------+---------+-------+---------+---------+-------
      Total |      85 |       0 |   0.0 |      32 |       0 |   0.0
            +---------+---------+-------+---------+---------+-------
        D:1 |      23 |       0 |   0.0 |      12 |       0 |   0.0
        D:2 |      34 |       0 |   0.0 |      12 |       0 |   0.0
        D:3 |      28 |       0 |   0.0 |       8 |       0 |   0.0
            +---------+---------+-------+---------+---------+-------
